 Dungeon Crawl Stone Soup version 0.29.0-4-gdea44cf6ec (webtiles) character file.

Game seed: 11176272620369961041

11 qw the Chopper (level 2, -3/17 HPs)
             Began as a Tengu Warper on Aug 28, 2022.
             Succumbed to a kobold's poison
             ... on level 1 of the Dungeon.
             The game lasted 00:00:02 (611 turns).

qw the Chopper (Tengu Warper)                        Turns: 611, Time: 00:00:02

Health: -3/17      AC:  3    Str: 11    XL:     2   Next: 25%
Magic:  6/6        EV: 11    Int: 13    God:
Gold:   27         SH:  0    Dex: 13    Spells: 5/5 levels left

rFire   . . .      SeeInvis .   a - +0 hand axe
rCold   . . .      Faith    .   (no shield)
rNeg    . . .      Spirit   .   b - +0 leather armour
rPois   .          Reflect  .   (helmet restricted)
rElec   .          Harm     .   (no cloak)
rCorr   .          Rampage  .   (no gloves)
Will    .....                   (boots unavailable)
Stlth   +.........              (no amulet)
HPRegen 0.05/turn               (no ring)
MPRegen 0.10/turn               (no ring)

@: lethally poisoned (-3 -> -19)
A: beak, talons 3
a: no special abilities


You were on level 1 of the Dungeon.
You visited 1 branch of the dungeon, and saw 1 of its levels.

You collected 27 gold pieces.


Innate Abilities, Weirdness & Mutations

You have a beak for a mouth.
You have claws for feet.


   Skills:
 - Level 2.0 Fighting
 + Level 3.2 Axes
 - Level 1.0 Throwing
 - Level 1.1 Armour
 - Level 2.1 Dodging
 - Level 2.0 Spellcasting
 - Level 2.4 Translocations


You had 5 spell levels left.
You didn't know any spells.
Your spell library contained the following spells:

 Spells                   Type           Power      Damage    Failure   Level
 Blink                    Tloc           14%        N/A       19%         2
 Gell's Gravitas          Tloc           7%         N/A       36%         3
 Lesser Beckoning         Tloc           7%         N/A       36%         3
 Teleport Other           Tloc           7%         N/A       36%         3
 Manifold Assault         Tloc           7%         N/A       98%         5

Inventory:

Hand Weapons
 a - a +0 hand axe (weapon)
Armour
 b - a +0 leather armour (worn)
Scrolls
 c - a scroll of blinking
Potions
 d - a potion of heal wounds {unknown}

Dungeon Overview and Level Annotations

Branches:
Dungeon (1/15)

Altars:


Message History

Found a scroll labelled IGILUPPEOPA and 11 gold pieces.
The kobold shouts!
A goblin comes into view. It is wielding a +0 club.
599 ||| Stepping ~*~*~tactically~*~*~ (stealth).
A rat comes into view.
601 ||| Stepping ~*~*~tactically~*~*~ (stealth).
602 ||| Stepping ~*~*~tactically~*~*~ (stealth).
603 ||| Stepping ~*~*~tactically~*~*~ (stealth).
The goblin shouts!
You closely miss the kobold. You claw the kobold. Your peck misses the kobold.
The kobold is moderately wounded.
The kobold hits you but does no damage.
You are poisoned.
You closely miss the kobold. Your kick misses the kobold.
The kobold is moderately wounded.
You feel sick. The kobold closely misses you.
A ball python comes into view.
You hit the kobold. Your kick misses the kobold. Your peck misses the kobold.
The kobold is heavily wounded.
You feel sick.
The kobold hits you with a +1 short sword of venom.
You are lethally poisoned!
You barely miss the kobold. Your kick misses the kobold.
The kobold is heavily wounded.
You feel very sick. The kobold completely misses you.
You hit the kobold but do no damage. Your peck misses the kobold.
The kobold is heavily wounded.
You feel very sick.
The kobold hits you with a +1 short sword of venom.
You barely miss the kobold. You claw the kobold, but do no damage.
The kobold is heavily wounded.
You miss the goblin.
You feel sick. The kobold hits you but does no damage.
You are more poisoned.
The goblin hits you but does no damage.
You closely miss the kobold.
The kobold is heavily wounded.
You barely miss the goblin.
You die...

###.. #....#... .$?..g.
#....#... ###.....
#....#... #.......
#....###. #......
#......#' #......
#........ #.....##
#.....7.. #.r####
#........ #..SK@#
#.....7.. #...g.#
#........ #.....####
#.....7.. #.....+..###
#........ #...>.#....#
#.....7..
#.....#....###........
####.....#....+...%......
#.....####....##.....####
#########.%...#
#....%..........


You could see a goblin, a ball python, a kobold and a rat.

Vanquished Creatures
  A ball python (D:1)
  A bat (D:1)
  An endoplasm (D:1)
  3 hobgoblins (D:1)
  A kobold (D:1)
  A frilled lizard (D:1)
  A rat (D:1)
9 creatures vanquished.

Notes
Turn   | Place    | Note
-------+----------+-------------------------------------------
     0 | D:1      | qw the Tengu Warper began the quest for the Orb.
     0 | D:1      | Reached XP level 1. HP: 12/12 MP: 4/4
     0 | D:1      | 0 ||| qw: Version: 0.1-a-89-g26bdef1
     0 | D:1      | 0 ||| qw: Game counter: 2580
     0 | D:1      | 0 ||| qw: Always use a shield: true
     0 | D:1      | 0 ||| qw: God list: Okawaru
     0 | D:1      | 0 ||| qw: Allow faded altars: false
     0 | D:1      | 0 ||| qw: Do Orc after D:15 true
     0 | D:1      | 0 ||| qw: Do second Lair branch before Depths: true
     0 | D:1      | 0 ||| qw: Lair rune preference: random
     0 | D:1      | 0 ||| qw: Plans: Normal
     0 | D:1      | 0 ||| PLANNING D:1-11
   227 | D:1      | Reached XP level 2. HP: 17/17 MP: 6/6
   231 | D:1      | Reached skill level 3 in Axes
   599 | D:1      | 599 ||| Stepping ~*~*~tactically~*~*~ (stealth).
   601 | D:1      | 601 ||| Stepping ~*~*~tactically~*~*~ (stealth).
   602 | D:1      | 602 ||| Stepping ~*~*~tactically~*~*~ (stealth).
   603 | D:1      | 603 ||| Stepping ~*~*~tactically~*~*~ (stealth).
   609 | D:1      | HP: 4/17 [poisoned by a kobold]
   610 | D:1      | HP: 1/17 [poisoned by a kobold]
   611 | D:1      | Succumbed to a kobold's poison

Levels and vault maps discovered:
D:1:      wander_arrival_estate, layout_basic,
          wander_ebering_terrifying_dragon_lair

Skill      XL: |  1  2 |
---------------+-------+-----
Axes           | 3 |  3.2
Fighting       | |  2.0
Throwing       | |  1.0
Armour         | |  1.1
Dodging        | |  2.1
Spellcasting   | |  2.0
Translocations | |  2.4

Action                   || total
-------------------------++-------
Melee: Hand axe          ||    31
       Peck              ||     7
       Kick              ||     5
Throw: Boomerang         ||     7
Armor: Leather armour    ||     7
Dodge: Dodged            ||    14

Table legend:
 A = Non-vault XP
 B = Vault XP
 C = Vault XP percentage of total XP
 D = Non-vault monster count
 E = Vault monster count
 F = Vault count percentage of total count
                 A         B        C        D         E       F
            +---------+---------+-------+---------+---------+-------
      Total |      16 |       0 |   0.0 |       9 |       0 |   0.0
            +---------+---------+-------+---------+---------+-------
        D:1 |      16 |       0 |   0.0 |       9 |       0 |   0.0
            +---------+---------+-------+---------+---------+-------
